 Dungeon Crawl Stone Soup version 0.27.1-1-g398f81649c (webtiles) character file.

Game seed: 1182186151664707163

51 ABBCCCDDDD the Sneak (level 3, -1/26 HPs)
             Began as an Octopode Monk on Sept 14, 2021.
             Slain by a scorpion (6 damage)
             ... on level 2 of the Dungeon.
             The game lasted 00:01:45 (1237 turns).

ABBCCCDDDD the Sneak (Octopode Monk)                Turns: 1237, Time: 00:01:45

Health: -1/26      AC:  1    Str: 10    XL:     3   Next: 81%
Magic:  3/3        EV: 14    Int: 13    God:
Gold:   20         SH:  0    Dex: 14    Spells: 0/2 levels left

rFire    . . .     SeeInvis .     - Unarmed
rCold    . . .     Faith    .   (no shield)
rNeg     . . .     Spirit   .   (helmet restricted)
rPois    .         Reflect  .   (no amulet)
rElec    .         Harm     .   i - ring of resist corrosion
rCorr    +         Rampage  .   (no ring)
Will     .....                  (no ring)
Stlth    +++.......             (no ring)
HPRegen  0.08/turn              (no ring)
MPRegen  0.08/turn              (no ring)
                                (no ring)
                                (no ring)

@: lethally poisoned (-1 -> -16)
A: almost no armour, amphibious, 8 rings, camouflage 1, gelatinous body 1,
(nimble swimmer 1), tentacles
a: no special abilities


You were on level 2 of the Dungeon.
You visited 1 branch of the dungeon, and saw 2 of its levels.

You collected 20 gold pieces.

Inventory:

Hand Weapons
 b - a +0 spear
 d - a +2 dagger of protection
Missiles
 f - 16 poisoned darts (quivered)
Jewellery
 i - a ring of resist corrosion (left tentacle)
Scrolls
 c - a scroll of fog {unknown}
 g - a scroll of immolation {unknown}
 h - a scroll of identify {unknown}
 j - a scroll of teleportation {unknown}
Potions
 a - a potion of cancellation
 e - a potion of haste {unknown}


   Skills:
 + Level 3.4 Fighting
 + Level 3.4 Dodging
 + Level 3.4 Stealth
 + Level 3.4 Unarmed Combat
 + Level 0.2 Spellcasting
 + Level 0.4 Hexes
 + Level 0.2 Ice Magic


You couldn't memorise any spells.
You knew the following spells:

 Your Spells              Type           Power      Damage    Failure   Level
a - Ensorcelled Hibernat  Hex/Ice        2%         N/A       38%         2

Your spell library contained the following spells:

 Spells                   Type           Power      Damage    Failure   Level
 Corona                   Hex            1%         N/A       26%         1
 Tukima's Dance           Hex            1%         N/A       61%         3


Dungeon Overview and Level Annotations

Branches:
Dungeon (1/15)

Altars:


Innate Abilities, Weirdness & Mutations

You cannot wear most types of armour.
You are amphibious.
You can wear up to eight rings at the same time.
Your skin changes colour to match your surroundings (Stealth+).
Your rubbery body absorbs attacks. (AC +1, EV +1)
((You are camouflaged near water. (Stealth+)))
You have tentacles for arms and can constrict up to eight enemies at once.


Message History

A rat and a goblin come into view.
There are monsters nearby!
There are monsters nearby!
Found a helmet.
A scorpion comes into view.
The goblin shouts!
The rat completely misses you.
You tentacle-slap the goblin. Your grab misses the goblin.
Your squeeze misses the goblin.
The goblin is moderately wounded.
The rat barely misses you. The goblin hits you with a +0 club.
You tentacle-slap the goblin.
You kill the goblin!
The rat bites you.
You tentacle-slap the rat. You grab the rat.
You squeeze the rat, but do no damage.
The rat is moderately wounded.
You constrict the rat. The rat barely misses you.
You tentacle-slap the rat.
You kill the rat!
You tentacle-slap the scorpion. Your grab misses the scorpion.
You squeeze the scorpion.
The scorpion is lightly wounded.
The scorpion stings you.
You are poisoned.
The scorpion poisons you!
You barely miss the scorpion. You grab the scorpion. You squeeze the scorpion.
The scorpion is lightly wounded.
You constrict the scorpion, but do no damage.
You feel very sick. The scorpion stings you!
You are more poisoned.
The scorpion poisons you!
You are too injured to fight recklessly!
It was a potion of cancellation.
You feel magically purged.
You constrict the scorpion.
* * * LOW HITPOINT WARNING * * *
You feel very sick. The scorpion stings you.
You die...

#.#. .....# #.#. ##....#
.# #.## . ##...#. ..
##≈.. #.##.....## #(
#.≈..
#.#.......###.#..##..≈.
#.............#........
#..)s...######.##.≈..
#..@..# #...........
##..[## #.....[.##..
##.## #...>...##..
.#####.#####...........
....................##.#
#.#####.............##.#
#######.......##.#
##..........
############.#####..


You could see a scorpion.

Levels and vault maps discovered:
D:1:      scummos_arrival_gate, layout_rooms, minmay_split_cup_small
D:2:      layout_loops_ring, shapermc_ecumenical_altar_mp_highgroup,
          chequers_serial_rivers_micro_c, minmay_misc_feat_cross

Notes
Turn   | Place    | Note
-------+----------+-------------------------------------------
     0 | D:1      | ABBCCCDDDD the Octopode Monk began the quest for the Orb.
     0 | D:1      | Reached XP level 1. HP: 16/16 MP: 1/1
   106 | D:1      | Reached XP level 2. HP: 21/21 MP: 2/2
   475 | D:1      | You fall into a shaft and drop 1 floor!
   503 | D:2      | Reached XP level 3. HP: 23/26 MP: 3/3
   542 | D:2      | Learned a level 2 spell: Ensorcelled Hibernation
   571 | D:2      | HP: 1/26 [poisoned by an adder]
   777 | D:2      | Found a faded altar of an unknown god.
  1230 | D:2      | Noticed a scorpion
  1237 | D:2      | Slain by a scorpion

Table legend: (Time is in decaauts)
 A = Elapsed time spent in this place.
 B = Non-inter-level travel time spent in this place.
 C = Inter-level travel time spent in this place.
 D = Time resting spent in this place.
 E = Time spent auto-exploring this place.
 F = Levels seen in this place.
 G = Mean time per level.
                   A        B        C        D        E       F      G
               +--------+--------+--------+--------+--------+-----+--------+
         Total |   1231 |   1231 |      0 |    495 |    496 |   2 |  615.5 |
       Dungeon |   1231 |   1231 |      0 |    495 |    496 |   2 |  615.5 |
               +--------+--------+--------+--------+--------+-----+--------+

Top non-repeatable levels by time:
     D:2: 758 daAuts
     D:1: 473 daAuts

Table legend:
 A = Kills in this place as a percentage of kills in entire the game.
 B = Kills by you in this place as a percentage of kills by you in the entire game.
 C = Kills by friends in this place as a percentage of kills by friends in the entire game.
 D = Other kills in this place as a percentage of other kills in the entire game.
 E = Experience gained in this place as a percentage of experience gained in the entire game.
 F = Experience gained in this place divided by the number of levels of this place that you have seen.
                   A       B       C       D       E      F
               +-------+-------+-------+-------+-------+----------------------
         Total | 100.0 | 100.0 |   N/A |   N/A | 100.0 |  36.5
       Dungeon | 100.0 | 100.0 |   N/A |   N/A | 100.0 |  36.5
               +-------+-------+-------+-------+-------+----------------------

Action                   || total
-------------------------++-------
Melee: Unarmed           ||    69
       Tentacles         ||    15
       Constrict         ||    16
       Punch             ||     2
  Use: Potion            ||     1
 Stab: Sleeping          ||     3
Armor: Skin              ||     1
Dodge: Dodged            ||    41

Vanquished Creatures
  2 adders (D:2)
  A dart slug (D:1)
  2 endoplasms
  3 goblins
  4 hobgoblins (D:1)
  3 jackals (D:2)
  2 kobolds
  2 quokkas (D:1)
  4 ball pythons
  3 frilled lizards (D:1)
  3 rats
29 creatures vanquished.
